 Dungeon Crawl Stone Soup version 0.28.0-45-g0d030f2227 (webtiles) character file.

Game seed: 12538439411785334172

714 pkoi the Insei (level 7, -10/57 HPs)
             Began as a Demigod Gladiator on Apr 25, 2022.
             Mangled by an iguana (12 damage)
             ... on level 5 of the Dungeon.
             The game lasted 00:08:30 (6825 turns).

pkoi the Insei (Demigod Gladiator)                  Turns: 6825, Time: 00:08:31

Health: -10/57     AC:  5    Str: 15    XL:     7   Next: 17%
Magic:  12/13      EV: 12    Int: 18    God:
Gold:   164        SH:  0    Dex: 15    Spells: 7/10 levels left

rFire   . . .      SeeInvis .     - Unarmed
rCold   . . .      Faith    .   (no shield)
rNeg    . . .      Spirit   .   a - +0 leather armour
rPois   .          Reflect  .   b - +0 helmet
rElec   .          Harm     .   (no cloak)
rCorr   .          Rampage  .   o - +0 pair of gloves
Will    .....                   (no boots)
Stlth   +.........              j - amulet of magic regeneration
HPRegen 0.19/turn               q - ring of wizardry
MPRegen 0.53/turn               n - ring of wizardry

@: brilliant
A: high MP 1, forlorn, divine attributes
a: no special abilities


You were on level 5 of the Dungeon.
You visited 1 branch of the dungeon, and saw 5 of its levels.

You collected 164 gold pieces.

Inventory:

Hand Weapons
 e - a +0 hand axe
 f - a +2 dagger of holy wrath
 h - a +0 dagger
 m - a +4 whip
Missiles
 c - a throwing net (quivered)
 s - 5 poisoned darts
Armour
 a - a +0 leather armour (worn)
 b - a +0 helmet (worn)
 o - a +0 pair of gloves (worn)
 t - a +0 chain mail
 v - a +0 plate armour
Jewellery
 d - a ring of protection from fire
 g - a ring of magical power
 j - an amulet of magic regeneration (around neck)
 n - a ring of wizardry (right hand)
 q - a ring of wizardry (left hand)
Scrolls
 i - 3 scrolls of identify
 r - 2 scrolls of fog
 u - a scroll of teleportation
Potions
 k - a potion of mutation
 l - a potion of might
 p - a potion of flight
 w - a potion of brilliance


   Skills:
 - Level 3.0 Fighting
 - Level 1.7 Throwing
 - Level 2.6 Dodging
 + Level 6.1 Unarmed Combat
 + Level 2.4 Spellcasting
 + Level 2.5 Conjurations
 + Level 1.2 Hexes


You had 7 spell levels left.
You knew the following spells:

 Your Spells              Type           Power      Damage    Failure   Level
a - Dazzling Flash        Conj/Hex       26%        N/A       9%          3

Your spell library contained the following spells:

 Spells                   Type           Power      Damage    Failure   Level
 Stone Arrow              Conj/Erth      18%        3d8       11%         3
 Iskenderun's Mystic Bla  Conj/Tloc      9%         2d4       30%         4
 Animate Armour           Summ/Erth      6%         N/A       45%         4
 Starburst                Conj/Fire      4%         6d4       98%         6
 Lehudib's Crystal Spear  Conj/Erth      4%         10d3      100%        8


Dungeon Overview and Level Annotations

Branches:
Dungeon (5/15)
 Temple: D:4-7

Shops:
D:2 *   D:5 ![*[(


Innate Abilities, Weirdness & Mutations

You have an increased reservoir of magic. (+10% MP)
You shall have no god before yourself.
Your divine heritage dramatically boosts your attributes as you level up.


Message History

Unknown command.
You catch the helpless white imp completely off-guard!
You punch the white imp!
You kill the white imp!
You hit the iguana.
The iguana is heavily wounded.
The iguana barely misses you.
You hit the iguana but do no damage.
The iguana is heavily wounded.
The iguana closely misses you.
You hit the iguana but do no damage.
The iguana is heavily wounded.
The iguana closely misses you.
Casting: Dazzling Flash (dangerous; 9% risk of failure)
Confirm with . or Enter, or press ? or * to list all spells.
Casting: Dazzling Flash (dangerous; 9% risk of failure)
Press: ? - help, Dir - look around, f - activate You feel a surge of power!
The iguana bites you.
* * * LOW HITPOINT WARNING * * *
You hit the iguana.
The iguana is severely wounded.
The iguana bites you.
* * * LOW HITPOINT WARNING * * *
You barely miss the iguana.
The iguana is severely wounded.
The iguana bites you!
* * * LOW HITPOINT WARNING * * *
You hit the iguana.
The iguana is almost dead.
The iguana closely misses you.
Casting: Dazzling Flash (dangerous; 9% risk of failure)
Confirm with . or Enter, or press ? or * to list all spells.
Casting: Dazzling Flash (dangerous; 9% risk of failure)
Press: ? - help, Dir - look around, f - activate You feel a surge of power!
The iguana barely misses you.
Unknown command.
You barely miss the iguana.
The iguana is almost dead.
The iguana bites you!
You die...

#.............. .# ##
#.####.....### .# .#### #.#
##...## ..# ....####.# ##.##
..#### ###....#.## #.#
#.....# ####.#..## +#.#+
##....... #
#.....###...###........ #
##........8..รท.........
#######....###..@###........
..........## +#.#l.##.......
####.##..## #.#...##......
#....##..# #.##...#......
#.#####..# ... #.?#......
#.#####..####.... ### .....
.>.............. .....
#######......... ##..#..###


You could see an iguana.

Vanquished Creatures
  2 ice beasts
  A necrophage (D:5)
  An ogre (D:5)
  A water moccasin skeleton (D:5)
  A centaur zombie (D:5)
  A hound (D:5)
  An iguana (D:4)
  A killer bee zombie (D:5)
  2 hound skeletons
  4 gnolls
  3 adders
  2 white imps (D:5)
  An ufetubus (D:5)
  A worm (D:2)
  13 ball pythons
  6 bats
  11 endoplasms
  2 giant cockroaches (D:1)
  5 goblins
  5 hobgoblins
  4 jackals (D:1)
  3 quokkas
  3 frilled lizards
  6 kobolds
  5 rats
85 creatures vanquished.

Vanquished Creatures (collateral kills)
  2 gnolls (D:2)
  A kobold (D:2)
3 creatures vanquished.

Grand Total: 88 creatures vanquished

Notes
Turn   | Place    | Note
-------+----------+-------------------------------------------
     0 | D:1      | pkoi the Demigod Gladiator began the quest for the Orb.
     0 | D:1      | Reached XP level 1. HP: 17/17 MP: 3/3
   163 | D:1      | Reached skill level 3 in Unarmed Combat
   431 | D:1      | Reached XP level 2. HP: 24/24 MP: 4/4
  1162 | D:2      | Reached XP level 3. HP: 28/29 MP: 5/5
  1404 | D:1      | Reached skill level 4 in Unarmed Combat
  2079 | D:2      | Reached XP level 4. HP: 30/37 MP: 6/6
  2266 | D:2      | Found Xuz Omn's Assorted Antiques.
  2484 | D:2      | Learned a level 3 spell: Dazzling Flash
  4113 | D:4      | Noticed an ice beast
  4440 | D:4      | Reached XP level 5. HP: 39/42 MP: 8/8
  4930 | D:5      | Entered Level 5 of the Dungeon
  4930 | D:5      | Found Xave's General Store.
  4947 | D:5      | Noticed a necrophage
  4963 | D:5      | Killed a necrophage
  4964 | D:5      | Reached skill level 5 in Unarmed Combat
  4964 | D:5      | Reached skill level 1 in Spellcasting
  4964 | D:5      | Reached skill level 1 in Conjurations
  5162 | D:5      | Noticed an ogre
  5302 | D:4      | HP: 1/45 [ice beast (14)]
  5308 | D:4      | Killed an ice beast
  5309 | D:4      | Reached XP level 6. HP: 2/51 MP: 11/11
  5711 | D:5      | Found Roschuff's Antique Armour Shoppe.
  5846 | D:5      | Found Nerheuq's Distillery.
  6114 | D:5      | Found Rojut's Weapon Shop.
  6151 | D:5      | Reached skill level 6 in Unarmed Combat
  6304 | D:5      | Found Micag's Antique Armour Shoppe.
  6431 | D:5      | Reached XP level 7. HP: 27/57 MP: 13/13
  6811 | D:5      | Reached skill level 1 in Hexes
  6822 | D:5      | HP: 2/57 [iguana (10)]
  6825 | D:5      | Mangled by an iguana

Illustrated notes

Levels and vault maps discovered:
D:1:      nzn_arrival_depleted_hourglass, layout_loops_ring,
          shapermc_ecumenical_altar_ellora
D:2:      layout_rooms, basic_altar, serial_shops,
          nicolae_shop_overgrown_old_shop
D:3:      layout_rooms, old_standard_altar, gammafunk_temple_overflow_pools,
          hangedman_decor_points
D:4:      layout_rooms
D:5:      cheibrodos_barr_body, layout_rooms,
          mainiacjoe_overflow_surrounded_room, nicolae_overflow_crystal_walls,
          minmay_temple_entry_hall, serial_shops,
          nicolae_shop_bloodbath_and_beyond, shop, nicolae_shop_hallway_stairs,
          nicolae_diamond_shop, shop

Skill      XL: |  1  2  3  4  5  6  7 |
---------------+----------------------+-----
Unarmed Combat | 3 4 5 6 |  6.1
Fighting       | 2 3 |  3.0
Spellcasting   | 1 2 |  2.4
Conjurations   | 1 2 |  2.5
Hexes          | 1 |  1.2
Throwing       | |  1.7
Dodging        | |  2.6

Action                   |  1- 3 |  4- 6 |  7- 9 || total
-------------------------+-------+-------+-------++-------
Melee: Unarmed           |   133 |   145 |    30 ||   308
       Punch             |     3 |     4 |       ||     7
       Whip              |    22 |    51 |       ||    73
Throw: Throwing net      |       |     3 |       ||     3
 Cast: Dazzling Flash    |       |     1 |     4 ||     5
  Use: Scroll            |     5 |     2 |       ||     7
       Potion            |     1 |       |     1 ||     2
 Stab: Sleeping          |     1 |     2 |       ||     3
       Held in net/web   |       |     4 |       ||     4
       Invisible         |       |     1 |     1 ||     2
Armor: Leather armour    |    48 |    34 |     5 ||    87
       Chain mail        |       |    14 |       ||    14
       Plate armour      |       |     5 |       ||     5
       Skin              |       |     4 |       ||     4
Dodge: Dodged            |   129 |    95 |    20 ||   244
